 Dungeon Crawl Stone Soup version 0.31-a0-358-gac0dbeb3ab (webtiles) character file.

Game seed: 3666719642889721631

1179 bjtr the Digger (level 8, 0/58 HPs)
             Began as a Gnoll Earth Elementalist on July 26, 2023.
             Slain by an iguana (10 damage)
             ... on level 6 of the Dungeon.
             The game lasted 00:23:06 (4835 turns).

bjtr the Digger (Gnoll Earth Elementalist)          Turns: 4835, Time: 00:23:07

Health: 0/58       AC:  6    Str:  8    XL:     8   Next: 42%
Magic:  1/17       EV: 13    Int: 17    God:
Gold:   240        SH:  0    Dex: 12    Spells: 2/19 levels left

rFire   . . .        c - +0 morningstar
rCold   . . .        (no shield)
rNeg    . . .        g - +0 leather armour
rPois   .            j - +0 helmet
rElec   .            (no cloak)
rCorr   .            (no gloves)
SInv    .            d - +1 pair of boots
Will    .....        (no amulet)
Stlth   +++          (no ring)
HPRegen 0.29/turn    (no ring)
MPRegen 0.15/turn

%: no passive effects
@: no status effects
A: fangs 1, strong nose, distributed training
a: no special abilities


You were on level 6 of the Dungeon.
You visited 1 branch of the dungeon, and saw 6 of its levels.

You collected 240 gold pieces.

Inventory:

Hand Weapons
 a - a +2 dagger of protection
 b - the +4 sling "Jioc" {flame, rN+ Str+2 Dex-2}
   (You found it on level 4 of the Dungeon)

   Str:       It affects your strength (+2).
   Dex:       It affects your dexterity (-2).
   rN:        It protects you from negative energy.
 c - a +0 morningstar (weapon)
 e - a +2 spear of venom
 s - a +0 long sword
Missiles
 h - 8 poisoned darts
 x - a throwing net
Armour
 d - a +1 pair of boots (worn)
 g - a +0 leather armour (worn)
 j - a +0 helmet (worn)
 l - a +0 robe
 w - a +0 kite shield
Wands
 i - a wand of quicksilver (18)
 r - a wand of iceblast (11)
Scrolls
 f - a scroll of fear
 o - 2 scrolls of teleportation
 t - 2 scrolls of enchant weapon
Potions
 k - a potion of attraction
 n - 2 potions of resistance
 q - 3 potions of brilliance


   Skills:
 + Level 3.3 Fighting
 + Level 3.3 Short Blades
 + Level 3.3 Long Blades
 + Level 3.3 Axes
 + Level 3.3 Maces & Flails
 + Level 3.3 Polearms
 + Level 3.3 Staves
 + Level 3.3 Ranged Weapons
 + Level 3.3 Throwing
 + Level 3.3 Armour
 + Level 5.7 Dodging
 + Level 5.4 Stealth
 + Level 3.3 Shields
 + Level 3.3 Unarmed Combat
 + Level 6.0 Spellcasting
 + Level 2.7 Conjurations
 + Level 2.7 Hexes
 + Level 2.7 Summonings
 + Level 2.7 Necromancy
 + Level 2.7 Translocations
 + Level 3.5 Transmutations
 + Level 2.7 Fire Magic
 + Level 2.7 Ice Magic
 + Level 2.7 Air Magic
 + Level 6.1 Earth Magic
 + Level 2.7 Poison Magic
 + Level 3.6 Invocations
 + Level 3.3 Evocations
 + Level 2.7 Shapeshifting


You had 2 spell levels left.
You knew the following spells:

 Your Spells              Type           Power      Damage    Failure   Level
a - Sandblast             Erth           52%        2d12      1%          1
b - Passwall              Tmut/Erth      17%        N/A       3%          2
c - Stone Arrow           Conj/Erth      40%        3d9       9%          3
d - Call Imp              Summ           28%        N/A       9%          2
e - Mephitic Cloud        Conj/Pois/Air  14%        N/A       19%         3
f - Scorch                Fire           28%        2d6       9%          2
g - Petrify               Tmut/Erth      21%        N/A       24%         4

Your spell library contained the following spells:

 Spells                   Type           Power      Damage    Failure   Level
 Freeze                   Ice            56%        1d7       6%          1
 Magic Dart               Conj           56%        1d5       6%          1
 Shock                    Conj/Air       56%        1d6       6%          1
 Frozen Ramparts          Ice            28%        1d5       19%         3
 Hailstorm                Conj/Ice       14%        3d5       19%         3
 Ozocubu's Armour         Ice            14%        N/A       19%         3
 Swiftness                Air            14%        N/A       19%         3
 Airstrike                Air            7%         2d(1-17)  52%         4
 Flame Wave               Conj/Fire      14%        2d6       52%         4
 Olgreb's Toxic Radiance  Pois           14%        N/A       52%         4
 Summon Cactus Giant      Summ           7%         N/A       100%        6
 Ozocubu's Refrigeration  Ice            7%         4d9       100%        7
 Discord                  Hex            7%         N/A       100%        8
 Ignition                 Fire           7%         3d4       100%        8


Dungeon Overview and Level Annotations

Branches:
Dungeon (6/15)
 Temple: D:4-7

Altars:
Nemelex Xobeh
Uskayaw
Xom
Yredelemnul
Zin
The Shining One


Innate Abilities, Weirdness & Mutations

You have very sharp teeth.
Your uncanny sense of smell can sniff out nearby items.
Your experience applies equally to all skills.


Message History

Confirm with . or Enter, or press ? or * to list all spells.
Aiming: Sandblast (safe; 1% risk of failure)
Press: ? - help, Shift-Dir - straight line, f - gnoll
Aim: a gnoll, wielding a +4 spear (85% to hit)
The blast of sand hits the iguana!
The iguana is heavily wounded.
You hear the slow rusting of a very distant drain.
The gnoll hits you from afar with a +4 spear.
The iguana bites you. The iguana closely misses you.
You feel a bit more experienced. The gnoll completely misses you.
Unknown command.
You barely miss the iguana.
The iguana is heavily wounded.
The gnoll misses you. The iguana barely misses you.
Unknown command.
You hit the iguana.
The iguana is severely wounded.
The gnoll barely misses you. The iguana bites you!
The gnoll closely misses you. The iguana bites you!
Unknown command.
Casting: Sandblast (safe; 1% risk of failure)
Confirm with . or Enter, or press ? or * to list all spells.
Aiming: Sandblast (safe; 1% risk of failure)
Press: ? - help, Shift-Dir - straight line, f/p - gnoll
Aim: a gnoll, wielding a +4 spear (85% to hit)
The blast of sand hits the iguana but does no damage.
The iguana is severely wounded.
The iguana misses you. The gnoll barely misses you.
Unknown command.
Casting: Sandblast (safe; 1% risk of failure)
Confirm with . or Enter, or press ? or * to list all spells.
Aiming: Sandblast (safe; 1% risk of failure)
Press: ? - help, Shift-Dir - straight line, f/p - gnoll
Aim: a gnoll, wielding a +4 spear (85% to hit)
The blast of sand hits the iguana but does no damage.
The iguana is severely wounded.
The gnoll hits you from afar with a +4 spear!
* * * LOW HITPOINT WARNING * * *
The iguana closely misses you. The iguana bites you!
You die...

####....
∆...g#.##
#...g.#
#.∆...# ∆
#....g#
#...l.##
####..g###
∆
#######l..#
#.....@##.#
#.####.# .#
#.# #.# .
#.# #.# #
#.# #.#
####.####.#
#.......#.#
#.......#.#
#.......#


You could see an iguana and a gnoll.

Vanquished Creatures
  A yak (D:5)
  A water moccasin (D:4)
  An ice beast (D:6)
  2 ogres
  A gnoll sergeant (D:5)
  A scorpion (D:5)
  A hound (D:4)
  2 jellies (D:5)
  A gnoll bouda (D:5)
  4 iguanas
  Jessica (D:3)
  An orc wizard (D:5)
  3 sleepcaps
  7 gnolls
  5 adders
  3 worms
  A dart slug (D:4)
  An orc (D:3)
  9 ball pythons
  7 endoplasms
  9 giant cockroaches
  5 goblins
  9 hobgoblins
  6 jackals
  6 kobolds
  3 quokkas
  3 bats (D:2)
  3 frilled lizards
  3 rats
100 creatures vanquished.

Notes
Turn   | Place    | Note
-------+----------+-------------------------------------------
     0 | D:1      | bjtr the Gnoll Earth Elementalist began the quest for the
                  | Orb.
     0 | D:1      | Reached XP level 1. HP: 13/13 MP: 6/6
   132 | D:1      | Reached XP level 2. HP: 19/19 MP: 3/7
   875 | D:2      | Reached XP level 3. HP: 25/25 MP: 6/9
   960 | D:2      | Reached skill level 5 in Spellcasting
  1138 | D:2      | Found a faded altar of an unknown god.
  1154 | D:2      | Reached skill level 1 in Invocations
  1156 | D:2      | Reached skill level 1 in Fighting
  1156 | D:2      | Reached skill level 1 in Short Blades
  1156 | D:2      | Reached skill level 1 in Long Blades
  1156 | D:2      | Reached skill level 1 in Axes
  1156 | D:2      | Reached skill level 1 in Maces & Flails
  1156 | D:2      | Reached skill level 1 in Polearms
  1156 | D:2      | Reached skill level 1 in Staves
  1156 | D:2      | Reached skill level 1 in Ranged Weapons
  1156 | D:2      | Reached skill level 1 in Throwing
  1156 | D:2      | Reached skill level 1 in Armour
  1156 | D:2      | Reached skill level 1 in Shields
  1156 | D:2      | Reached skill level 1 in Unarmed Combat
  1156 | D:2      | Reached skill level 1 in Evocations
  1218 | D:2      | Reached XP level 4. HP: 32/32 MP: 7/11
  1825 | D:3      | Noticed Jessica
  1833 | D:3      | Learned a level 2 spell: Passwall
  1837 | D:3      | Learned a level 3 spell: Stone Arrow
  1865 | D:3      | Killed Jessica
  1866 | D:3      | Reached skill level 1 in Conjurations
  1866 | D:3      | Reached skill level 1 in Hexes
  1866 | D:3      | Reached skill level 1 in Summonings
  1866 | D:3      | Reached skill level 1 in Necromancy
  1866 | D:3      | Reached skill level 1 in Translocations
  1866 | D:3      | Reached skill level 1 in Fire Magic
  1866 | D:3      | Reached skill level 1 in Ice Magic
  1866 | D:3      | Reached skill level 1 in Air Magic
  1866 | D:3      | Reached skill level 1 in Poison Magic
  1866 | D:3      | Reached skill level 1 in Shapeshifting
  1955 | D:3      | Learned a level 2 spell: Call Imp
  1959 | D:3      | Learned a level 3 spell: Mephitic Cloud
  2371 | D:3      | Reached XP level 5. HP: 37/37 MP: 8/12
  2636 | D:4      | Noticed an ogre
  2643 | D:4      | Killed an ogre
  2657 | D:4      | Reached XP level 6. HP: 18/44 MP: 8/13
  2804 | D:4      | Found a glowing silver altar of Zin.
  2830 | D:4      | Found a hide-covered altar of Uskayaw.
  2867 | D:4      | Learned a level 2 spell: Scorch
  2972 | D:4      | Noticed a water moccasin
  2979 | D:4      | Killed a water moccasin
  2980 | D:4      | Reached skill level 5 in Dodging
  3195 | D:4      | Found a basalt altar of Yredelemnul.
  3378 | D:4      | Identified the +4 sling "Jioc" {flame, rN+ Str+2 Dex-2}
  3453 | D:5      | Entered Level 5 of the Dungeon
  3459 | D:5      | Reached XP level 7. HP: 51/51 MP: 5/15
  3472 | D:5      | Learned a level 4 spell: Petrify
  3596 | D:5      | Found a sparkling altar of Nemelex Xobeh.
  3658 | D:5      | Reached skill level 5 in Stealth
  3865 | D:5      | Noticed a yak
  3866 | D:5      | Noticed a yak
  3869 | D:5      | Noticed a yak
  3872 | D:5      | Noticed a yak
  3873 | D:5      | Noticed a yak
  3892 | D:5      | Noticed a yak
  3899 | D:5      | HP: 2/51 [yak (15)]
  3900 | D:5      | Found a shimmering altar of Xom.
  4022 | D:5      | Identified a scroll of acquirement
  4024 | D:5      | Acquired Ozocubu's Autobiography
  4302 | D:5      | Reached XP level 8. HP: 46/57 MP: 12/16
  4436 | D:5      | Found a glowing golden altar of the Shining One.
  4568 | D:5      | Killed a yak
  4835 | D:6      | Slain by an iguana

Illustrated notes

Levels and vault maps discovered:
D:1:      minmay_arrival_up_and_down, layout_loops_ring
D:2:      layout_loops_corners, nicolae_ecumenical_snake_handling,
          minmay_pentomino_q2
D:3:      layout_basic, minmay_pentangle, uniq_jessica
D:4:      layout_loops_cross, mainiacjoe_overflow_catwalk,
          amcnicky_altar_gilded, lemuel_doored_altar
D:5:      layout_loops_cross, tso_oasis_becter,
          nemelex_xobeh_ov_fountains_minmay, kennysheep_little_box,
          nicolae_grassy_gnolls
D:6:      layout_basic, lemuel_tele_altar, nicolae_ru_great_annihilating_truth,
          gup_sewer_entry_spiral

Skill      XL: |  1  2  3  4  5  6  7  8 |
---------------+-------------------------+-----
Transmutations | 2 3 |  3.5
Spellcasting   | 5 6 |  6.0
Invocations    | 1 2 3 |  3.6
Fighting       | 1 2 3 |  3.3
Short Blades   | 1 2 3 |  3.3
Long Blades    | 1 2 3 |  3.3
Axes           | 1 2 3 |  3.3
Maces & Flails | 1 2 3 |  3.3
Polearms       | 1 2 3 |  3.3
Staves         | 1 2 3 |  3.3
Ranged Weapons | 1 2 3 |  3.3
Throwing       | 1 2 3 |  3.3
Armour         | 1 2 3 |  3.3
Shields        | 1 2 3 |  3.3
Unarmed Combat | 1 2 3 |  3.3
Evocations     | 1 2 3 |  3.3
Conjurations   | 1 2 |  2.7
Hexes          | 1 2 |  2.7
Summonings     | 1 2 |  2.7
Necromancy     | 1 2 |  2.7
Translocations | 1 2 |  2.7
Fire Magic     | 1 2 |  2.7
Ice Magic      | 1 2 |  2.7
Air Magic      | 1 2 |  2.7
Poison Magic   | 1 2 |  2.7
Shapeshifting  | 1 2 |  2.7
Dodging        | 5 |  5.7
Stealth        | 5 |  5.4
Earth Magic    | 6 |  6.1

Action                     |  1- 3 |  4- 6 |  7- 9 || total
---------------------------+-------+-------+-------++-------
  Melee: Short sword       |    10 |    15 |       ||    25
         Dagger            |       |    21 |     2 ||    23
         Bite              |       |     5 |     1 ||     6
         Morningstar       |       |       |    18 ||    18
   Cast: Sandblast         |    37 |    58 |    61 ||   156
         Stone Arrow       |       |     1 |    12 ||    13
         Scorch            |       |       |     5 ||     5
         Mephitic Cloud    |       |       |     4 ||     4
    Use: Scroll            |       |     4 |     8 ||    12
         Potion            |       |       |     7 ||     7
   Stab: Sleeping          |       |     6 |       ||     6
 Armour: Leather armour    |    10 |    14 |    11 ||    35
  Dodge: Dodged            |    25 |    35 |    60 ||   120

Table legend: (Time is in decaauts)
 A = Elapsed time spent in this place.
 B = Non-inter-level travel time spent in this place.
 C = Inter-level travel time spent in this place.
 D = Time resting spent in this place.
 E = Time spent auto-exploring this place.
 F = Levels seen in this place.
 G = Mean time per level.
                   A        B        C        D        E       F      G
               +--------+--------+--------+--------+--------+-----+--------+
         Total |   4927 |   4842 |     85 |    495 |   3161 |   6 |  821.2 |
       Dungeon |   4927 |   4842 |     85 |    495 |   3161 |   6 |  821.2 |
               +--------+--------+--------+--------+--------+-----+--------+

Top non-repeatable levels by time:
     D:5: 1326 daAuts
     D:2: 990 daAuts
     D:3: 909 daAuts
     D:1: 799 daAuts
     D:4: 795 daAuts
     D:6: 106 daAuts
